 Dungeon Crawl Stone Soup version 0.29.1-15-g9cfb28693d (webtiles) character file.

Game seed: 14292115207760986396

38 H0rd4k the Charlatan (level 3, 0/24 HPs)
             Began as an Octopode Artificer on Apr 12, 2023.
             Slain by a worm (6 damage)
             ... on level 3 of the Dungeon.
             The game lasted 00:01:14 (2093 turns).

H0rd4k the Charlatan (Octopode Artificer)           Turns: 2093, Time: 00:01:14

Health: 0/24       AC:  1    Str: 11    XL:     3   Next: 43%
Magic:  5/5        EV: 13    Int: 15    God:
Gold:   101        SH:  0    Dex: 12    Spells: 5/5 levels left

rFire   . . .      SeeInvis .     - Unarmed
rCold   . . .      Faith    .   (no shield)
rNeg    . . .      Spirit   .   (helmet restricted)
rPois   .          Reflect  .   (no amulet)
rElec   .          Harm     .   (no ring)
rCorr   .          Rampage  .   (no ring)
Will    .....                   (no ring)
Stlth   +++.......              (no ring)
HPRegen 0.08/turn               (no ring)
MPRegen 0.09/turn               (no ring)
                                (no ring)
                                (no ring)

@: no status effects
A: almost no armour, amphibious, 8 rings, camouflage 1, gelatinous body 1,
(nimble swimmer 1), tentacles
a: no special abilities


You were on level 3 of the Dungeon.
You visited 1 branch of the dungeon, and saw 3 of its levels.

You collected 101 gold pieces.

Inventory:

Missiles
 j - 3 poisoned darts
Wands
 b - a wand of flame (15) (quivered)
 c - a wand of charming (14)
 d - a wand of iceblast (5)
Scrolls
 a - 2 scrolls of identify {unknown}
 g - 3 scrolls of immolation {unknown}
 h - 2 scrolls of amnesia {unknown}
 i - a scroll of summoning {unknown}
 k - 2 scrolls of enchant armour {unknown}
Potions
 e - 2 potions of attraction {unknown}
 f - 3 potions of curing {unknown}


   Skills:
 * Level 2.2 Fighting
 - Level 2.3 Dodging
 - Level 1.3 Stealth
 + Level 1.0 Unarmed Combat
 * Level 1.5 Spellcasting
 - Level 3.2 Evocations


You had 5 spell levels left.
You didn't know any spells.
Your spell library contained the following spells:

 Spells                   Type           Power      Damage    Failure   Level
 Apportation              Tloc           2%         N/A       24%         1
 Necrotise                Necr           4%         1d4       24%         1
 Shock                    Conj/Air       4%         1d3       24%         1
 Summon Small Mammal      Summ           4%         N/A       24%         1
 Swiftness                Air            1%         N/A       56%         3
 Airstrike                Air            0%         2d(1-17)  93%         4
 Conjure Ball Lightning   Conj/Air       0%         3x3d6     100%        6
 Discord                  Hex            0%         N/A       100%        8
 Disjunction              Tloc           0%         N/A       100%        8


Dungeon Overview and Level Annotations

Branches:
Dungeon (3/15)

Altars:


Innate Abilities, Weirdness & Mutations

You cannot wear most types of armour.
You are amphibious.
You can wear up to eight rings at the same time.
Your skin changes colour to match your surroundings (Stealth+).
Your rubbery body absorbs attacks. (AC +1, EV +1)
((You are camouflaged when in or above water. (Stealth+)))
You have tentacles for arms and can constrict up to eight enemies at once.


Message History

You open the door.
Found a leather armour.
No target in view!
Found a stone staircase leading down.
Found a chain mail.
No target in view!
Found 2 stones.
You see here a +0 chain mail.
a - 2 scrolls labelled OKHU XOISOXAECH (gained 1)
A worm comes into view.
The worm closely misses you.
You tentacle-slap the worm. You grab the worm.
The worm is lightly wounded.
You constrict the worm.
You tentacle-slap the worm but do no damage.
You squeeze the worm.
The worm is moderately wounded.
You constrict the worm. The worm bites you!
You tentacle-slap the worm. You squeeze the worm.
The worm is heavily wounded.
You constrict the worm. You tentacle-slap the worm.
The worm is severely wounded.
You constrict the worm. The worm bites you!
Ouch! That really hurt!
* * * LOW HITPOINT WARNING * * *
You are too injured to fight recklessly!
You are too injured to fight recklessly!
You are too injured to fight recklessly!
You are too injured to fight recklessly!
You are too injured to fight recklessly!
You are too injured to fight recklessly!
You are too injured to fight recklessly!
A worm is nearby!
A worm is nearby!
You tentacle-slap the worm but do no damage.
You squeeze the worm.
The worm is severely wounded.
You constrict the worm. The worm bites you.
You die...

#.##....# #.##....#
#.####..###
###......[..#.#
.##.........#.#
.##.........#.# ###
............#.####+#...#
........#...#.#..w.....#
........#...#.#.@......+
........+.....#........#
.......>###.............
........# #..........##.
...##+### #....#######
...##.# ........ ...##.#
#........# ..#...#
#.......... ..#...#
#...........


You could see a worm.

Vanquished Creatures
  A worm (D:2)
  2 dart slugs (D:1)
  A bat (D:2)
  2 endoplasms (D:1)
  2 giant cockroaches (D:1)
  4 hobgoblins
  5 kobolds
  A quokka (D:2)
  4 ball pythons (D:1)
  A frilled lizard (D:1)
  3 goblins
  3 rats (D:1)
29 creatures vanquished.

Notes
Turn   | Place    | Note
-------+----------+-------------------------------------------
     0 | D:1      | H0rd4k the Octopode Artificer began the quest for the Orb.
     0 | D:1      | Reached XP level 1. HP: 13/13 MP: 1/1
    17 | D:1      | Found a faded altar of an unknown god.
   190 | D:1      | Reached XP level 2. HP: 11/18 MP: 1/3
   314 | D:1      | Reached skill level 1 in Spellcasting
  1063 | D:1      | Reached XP level 3. HP: 24/24 MP: 4/4
  1848 | D:2      | Reached skill level 1 in Unarmed Combat
  2093 | D:3      | Slain by a worm

Illustrated notes

Levels and vault maps discovered:
D:1:      nicolae_arrival_memento_mori, layout_rooms,
          dreamdust_ecumenical_altar_statues, hex_large
D:2:      layout_rooms
D:3:      layout_basic, lemuel_zombie_altar_kikubaaqudgha, uniq_terence

Skill      XL: |  1  2  3 |
---------------+----------+-----
Spellcasting   | 1 |  1.5
Fighting       | 2 |  2.2
Unarmed Combat | 1 |  1.0
Dodging        | |  2.3
Stealth        | |  1.3
Evocations     | |  3.2

Action                   || total
-------------------------++-------
Melee: Unarmed           ||    77
       Constrict         ||    19
       Tentacles         ||    28
Evoke: Wand              ||     1
 Stab: Sleeping          ||     8
Armor: Skin              ||     5
Dodge: Dodged            ||    33
